 Dungeon Crawl Stone Soup version 0.27-a0-836-gfc908b8576 (webtiles) character file.

Game seed: 5941309322677551602

159 robertstho the Magician (level 5, -1/38 HPs)
             Began as a Djinni Venom Mage on Mar 31, 2021.
             Slain by a hobgoblin (5 damage)
             ... led by Robin
             ... on level 3 of the Dungeon.
             The game lasted 00:03:28 (2330 turns).

robertstho the Magician (Djinni Venom Mage)         Turns: 2330, Time: 00:03:28

Health: -1/38      AC:  2    Str:  7    XL:     5   Next: 40%
Gold:   48         EV: 12    Int: 17    God:
                   SH:  0    Dex: 14

rFire    + + .     SeeInvis .   c - +0 spear (venom)
rCold    x . .     Faith    .   (no shield)
rNeg     . . .     Spirit   .   a - +0 robe
rPois    ∞         Reflect  .   (no helmet)
rElec    .         Harm     .   (no cloak)
rCorr    .         Rampage  .   (no gloves)
Will     .....                  (boots unavailable)
Stlth    ++........             (no amulet)
HPRegen  0.12/turn              (no ring)
MPRegen  0.00/turn              (no ring)

@: flying
A: fire resistance 2, cold vulnerability 1, float, innate caster, hp casting,
extra vitality 1
a: no special abilities


You were on level 3 of the Dungeon.
You visited 1 branch of the dungeon, and saw 3 of its levels.

You collected 48 gold pieces.

Inventory:

Hand Weapons
 b - a +0 hand axe
 c - a +0 spear of venom (weapon)
Armour
 a - a +0 robe (worn)
Scrolls
 d - a scroll of amnesia {unknown}
 e - a scroll of teleportation {unknown}
 f - a scroll of magic mapping {unknown}


   Skills:
 * Level 2.1 Fighting
 + Level 0.2(0.8) Axes
 + Level 1.3 Polearms
 + Level 2.5 Dodging
 + Level 2.2 Stealth
 * Level 3.7 Spellcasting


You couldn't memorise any spells.
You knew the following spells:

 Your Spells              Type           Power      Damage    Failure   Level
a - Sting                 Tmut/Pois      64%        1d6       3%          1
b - Poisonous Vapours     Pois/Air       32%        N/A       5%          2
c - Mephitic Cloud        Conj/Pois/Air  16%        N/A       11%         3
d - Ignite Poison         Fire/Tmut/Pois 16%        N/A       11%         3
e - Olgreb's Toxic Radia  Pois           16%        N/A       34%         4
f - Animate Skeleton      Necr           32%        N/A       3%          1
g - Slow                  Hex            16%        N/A       5%          2
Your spell library was empty.

Dungeon Overview and Level Annotations

Branches:
Dungeon (3/15)

Altars:
Cheibriados
Uskayaw

Annotations:
D:2 Robin


Innate Abilities, Weirdness & Mutations

You are immune to poison.
Your flesh is very heat resistant. (rF++)
You are vulnerable to cold. (rC-)
You float through the air rather than walking.
You learn spells naturally, not from books.
Your magical power is your life essence.
You have superior vitality. (+4 HP)


Message History

Press: ? - help, Shift-Dir - straight line, f - hobgoblin
Aim: a hobgoblin (strong, chance to affect: 96%)
The ball explodes into a vile cloud!
The stinking cloud engulfs the hobgoblin but does no damage.
The hobgoblin is engulfed in noxious fumes.
The hobgoblin appears confused.
A hobgoblin comes into view.
Unknown command.
A goblin comes into view. It is wielding a +0 club.
Robin throws the goblin at you! The goblin hits you but does no damage.
The hobgoblin is engulfed in noxious fumes.
The hobgoblin appears confused.
Unknown command.
You miss the goblin.
A hobgoblin comes into view.
The goblin closely misses you.
The hobgoblin is engulfed in noxious fumes.
The hobgoblin appears confused.
The goblin hits you with a +0 dagger.
* * * LOW HITPOINT WARNING * * *
The hobgoblin misses the goblin.
Your magical contamination has completely faded away.
The goblin unwields a +0 dagger.
The goblin wields a +0 hunting sling.
The goblin shoots a stone.
The stone barely misses you.
The hobgoblin hits the hobgoblin but does no damage.
The goblin shoots a stone.
The stone hits you!
* * * LOW HITPOINT WARNING * * *
There is an open door here.
The goblin no longer looks unusually strong.
You see here a +0 dagger.
The hobgoblin no longer looks unusually strong. x2
There is an open door here.
There is a stone staircase leading down here.
You fly downwards.
Found 13 gold pieces.
Found a snail-covered altar of Cheibriados.
Found a stone staircase leading down.
There is a stone staircase leading up here.
You barely miss the hobgoblin. The hobgoblin hits you.
You die...

# ##. ####.
#.._ $>....
#....####......
#......g......#
#@# #.# #.# ...
.#. #. .. .. ..
## ...


You could see a hobgoblin.

Vanquished Creatures
  A kobold brigand (D:2)
  Terence (D:2)
  An adder (D:2)
  A gnoll (D:1)
  A worm (D:2)
  A dart slug (D:1)
  A bat (D:1)
  2 endoplasms
  2 giant cockroaches (D:1)
  7 goblins
  A hobgoblin (D:1)
  2 quokkas
  8 ball pythons
  2 frilled lizards (D:1)
  7 kobolds
  6 rats (D:1)
44 creatures vanquished.

Notes
Turn   | Place    | Note
-------+----------+-------------------------------------------
     0 | D:1      | robertstho the Djinni Venom Mage began the quest for the
                  | Orb.
     0 | D:1      | Reached XP level 1. HP: 15/15 MP: 0/0
   261 | D:1      | Reached XP level 2. HP: 21/22 MP: 0/0
   264 | D:1      | Reached skill level 1 in Fighting
   743 | D:1      | Reached skill level 3 in Spellcasting
   830 | D:1      | Reached XP level 3. HP: 25/28 MP: 0/0
   830 | D:1      | Learned a level 1 spell: Animate Skeleton
  1692 | D:2      | Found a hide-covered altar of Uskayaw.
  1692 | D:2      | Noticed a kobold brigand
  1711 | D:2      | Killed a kobold brigand
  1712 | D:2      | Reached skill level 1 in Polearms
  1712 | D:2      | Reached XP level 4. HP: 27/33 MP: 0/0
  1712 | D:2      | Reached XP level 5. HP: 31/38 MP: 0/0
  1712 | D:2      | Learned a level 2 spell: Slow
  2078 | D:2      | Noticed Terence
  2085 | D:2      | Killed Terence
  2303 | D:2      | Noticed Robin
  2329 | D:3      | Found a snail-covered altar of Cheibriados.
  2330 | D:3      | Slain by a hobgoblin

Illustrated notes

Levels and vault maps discovered:
D:1:      onia_arrival_pyramid, layout_loops_corners
D:2:      layout_basic, grunt_gozag_statues, lemuel_round_altar,
          nicolae_uskayaw_dance_studio, uniq_robin, uniq_terence
D:3:      layout_loops_ring, cheibriados_altar_1, makhleb_altar_promises_db,
          serial_shops, shop, shop_coins

Skill      XL: |  1  2  3 |
---------------+----------+-----
Fighting       | 1 2 |  2.1
Spellcasting   | 3 |  3.7
Polearms       | 1 |  1.3
Stealth        | 2 |  2.2
Axes           | |  0.2
Dodging        | |  2.5

Action                   |  1- 3 |  4- 6 || total
-------------------------+-------+-------++-------
Melee: Hand axe          |     2 |       ||     2
       Unarmed           |     2 |       ||     2
       Spear             |    40 |    21 ||    61
 Cast: Sting             |    16 |       ||    16
       Poisonous Vapours |    12 |       ||    12
       Mephitic Cloud    |       |     8 ||     8
       Ignite Poison     |       |     4 ||     4
 Stab: Sleeping          |     6 |     2 ||     8
Armor: Robe              |     5 |     1 ||     6
Dodge: Dodged            |    29 |     6 ||    35

Table legend: (Time is in decaauts)
 A = Elapsed time spent in this place.
 B = Non-inter-level travel time spent in this place.
 C = Inter-level travel time spent in this place.
 D = Time resting spent in this place.
 E = Time spent auto-exploring this place.
 F = Levels seen in this place.
 G = Mean time per level.
                   A        B        C        D        E       F      G
               +--------+--------+--------+--------+--------+-----+--------+
         Total |   2333 |   2309 |     24 |    137 |   1880 |   3 |  777.7 |
       Dungeon |   2333 |   2309 |     24 |    137 |   1880 |   3 |  777.7 |
               +--------+--------+--------+--------+--------+-----+--------+

Top non-repeatable levels by time:
     D:1: 1473 daAuts
     D:2: 859 daAuts
     D:3: 0 daAuts
